 Dungeon Crawl Stone Soup version 0.25.1-2-g60ff931df9 (webtiles) character file.

Game seed: 5956595622105124619

39477 DearestLeader the Earth Mage (level 14, 0/78 HPs)
             Began as a Gargoyle Earth Elementalist on Nov 1, 2020.
             Was a High Priest of Vehumet.
             Slain by a death yak (16 damage)
             ... in an ice cave on Nov 2, 2020.
             The game lasted 01:02:04 (24010 turns).

DearestLeader the Earth Mage (GrEE)                Turns: 24010, Time: 01:02:04

Health: 0/78       AC: 27    Str: 16    XL:     14   Next: 6%
Magic:  8/28       EV: 14    Int: 21    God:    Vehumet [*****.]
Gold:   800        SH:  5    Dex: 10    Spells: 13/33 levels left

rFire    + . .     SeeInvis .   M - +4 whip (elec)
rCold    + + .     Gourm    .   w - +1 buckler {rPois}
rNeg     + . .     Faith    .   c - +0 steam dragon scales
rPois    ∞         Spirit   .   l - +2 helmet
rElec    +         Reflect  .   E - +2 cloak
rCorr    +         Harm     .   K - +0 pair of gloves "Nygeasez" {Str+4}
MR       ++...                  h - +0 pair of boots
Stlth    ++........             (no amulet)
HPRegen  0.23/turn              A - ring of Liteent {rF+ MR+ AC+4}
MPRegen  0.21/turn              g - ring of ice

@: resistant
A: big wings, negative energy resistance 1, electricity resistance, unbreathing,
petrification resistance, rot immunity, AC +10
a: Fly, Renounce Religion


You were in an ice cave.
You worshipped Vehumet.
Vehumet was extremely pleased with you.
You were very hungry.

You visited 3 branches of the dungeon, and saw 17 of its levels.
You also visited: Ice Cave.

You collected 1175 gold pieces.
You spent 375 gold pieces at shops.

Inventory:

Hand Weapons
 M - a +4 whip of electrocution (weapon)
Missiles
 b - 368 stones (quivered)
Armour
 c - +0 steam dragon scales (worn)
 h - a +0 pair of boots (worn)
 l - a +2 helmet (worn)
 w - a +1 buckler of poison resistance (worn)
 E - a +2 cloak (worn)
 G - a scarf of repulsion
 K - the +0 pair of gloves "Nygeasez" (worn) {Str+4}
   (You bought it in a shop on level 7 of the Dungeon)

   It affects your strength (+4).
Jewellery
 g - a ring of ice (right hand)
 v - an uncursed ring of fire
 x - an uncursed amulet of guardian spirit
 A - the ring of Liteent (left hand) {rF+ MR+ AC+4}
   (You acquired it on level 3 of the Lair of Beasts)

   [ring of protection]

   It affects your AC (+4).
   It protects you from fire.
   It affects your resistance to hostile enchantments.
 F - a +4 ring of evasion
 W - an uncursed ring of resist corrosion
Wands
 a - a wand of disintegration (40)
 p - a wand of iceblast (10)
 y - a wand of acid (7)
 C - a wand of enslavement (24)
 I - a wand of random effects (22)
 J - a wand of digging (4)
Scrolls
 f - 4 scrolls of magic mapping
 j - 5 scrolls of remove curse
 m - 12 scrolls of teleportation
 q - 4 scrolls of fog
 s - 4 scrolls of fear
 D - 3 scrolls of immolation {unknown}
 N - 3 scrolls of enchant armour {unknown}
 O - a scroll of summoning {unknown}
 Q - 2 scrolls of vulnerability {unknown}
 R - 2 scrolls of holy word {unknown}
 T - 2 scrolls of random uselessness {unknown}
 Y - 2 scrolls of amnesia {unknown}
 Z - a scroll of brand weapon {unknown}
Potions
 e - 3 potions of flight
 i - a potion of ambrosia
 k - 8 potions of magic
 n - 5 potions of haste
 r - 3 potions of mutation
 t - a potion of curing
 u - 2 potions of heal wounds {unknown}
 z - a potion of lignification {unknown}
 H - a potion of resistance
 L - 2 potions of might {unknown}
 P - 3 potions of invisibility
 S - a potion of degeneration {unknown}
 U - a potion of cancellation {unknown}
 V - a potion of berserk rage {unknown}
 X - a potion of brilliance {unknown}
Comestibles
 d - 31 rations
 o - 4 chunks of flesh


   Skills:
 - Level 5.0 Fighting
 + Level 5.3 Dodging
 - Level 2.1 Stealth
 - Level 4.0 Shields
 + Level 10.3 Spellcasting
 * Level 13.3 Conjurations
 - Level 0.7 Transmutations
 + Level 16.5 Earth Magic
 * Level 4.3 Poison Magic


You had 13 spell levels left.
You knew the following spells:

 Your Spells              Type           Power        Failure   Level  Hunger
a - Sandblast             Erth           ######       0%          1    None
b - Passwall              Tmut/Erth      #####...     1%          2    None
c - Stone Arrow           Conj/Erth      ######       1%          3    None
d - Lee's Rapid Deconstr  Erth           ######....   1%          5    ####...
e - Petrify               Tmut/Erth      #####...     1%          4    ##.....
f - Searing Ray           Conj           ######       1%          2    None
g - Mephitic Cloud        Conj/Pois/Air  #####...     1%          3    None

Your spell library contained the following spells:

 Spells                   Type           Power        Failure   Level  Hunger
 Fulminant Prism          Conj/Hex       #####.....   1%          4    ##.....
 Dazzling Flash           Conj/Hex       #####.       1%          3    None
 Corona                   Hex            ##.....      6%          1    None
 Summon Small Mammal      Summ           ##..         6%          1    None
 Call Imp                 Summ           ##......     10%         2    None
 Ensorcelled Hibernation  Hex/Ice        ###...       10%         2    None
 Call Canine Familiar     Summ           ##......     19%         3    None
 Confusing Touch          Hex            ##......     19%         3    None
 Summon Guardian Golem    Hex/Summ       ##......     19%         3    None
 Tukima's Dance           Hex            ##......     19%         3    None
 Summon Ice Beast         Ice/Summ       ###.....     52%         4    ##.....
 Summon Lightning Spire   Summ/Air       ##......     52%         4    ##.....


Dungeon Overview and Level Annotations

Branches:
Dungeon (11/15)            Temple (1/1) D:4            Lair (5/6) D:10
  Swamp (0/4) Lair:2       Spider (0/4) Lair:2          Orc (0/2) D:9
  IceCv (1/1)
  Slime: Lair:5-6

Altars:
Ashenzari
Cheibriados
Dithmenos
Elyvilon
Fedhas
Gozag
Hepliaklqana
Kikubaaqudgha
Makhleb
Nemelex Xobeh
Okawaru
Qazlal
Ru
Sif Muna
Trog
Uskayaw
Vehumet
Wu Jian
Xom
Yredelemnul
Zin
The Shining One
Beogh

Shops:
D:5 ?   D:7 [

Annotations:
Lair:3 exclusion: 4 oklob plants


Innate Abilities, Weirdness & Mutations

You are resistant to torment.
Your stone body is resilient. (AC +10)
You are immune to poison.
Your large and strong wings let you fly indefinitely.
You resist negative energy. (rN+)
You are resistant to electric shocks. (rElec)
You can survive without breathing.
You are immune to petrification.
You are immune to rotting.


Message History

Okay, then.
It was a potion of resistance.
You feel protected.
The death yak gores you but does no damage.
You hear an angry growl.
You hear an angry growl.
Some of the chunks of flesh in your inventory have rotted away.
You hear an angry growl.
Casting: Mephitic Cloud (safe; 1% risk of failure)
Confirm with . or Enter, or press ? or * to list all spells.
Aiming: Mephitic Cloud (safe; 1% risk of failure)
Press: ? - help, Shift-Dir - straight line, f - death yak
Aim: a death yak The ball explodes into a vile cloud!
The stinking cloud engulfs the death yak but does no damage.
The stinking cloud engulfs you but does no damage.
You hear an angry growl.
The death yak is engulfed in noxious fumes.
The death yak gores you!
You die... ########## #hh.##h..####### ####### ..)##...##...#..# ##≈≈≈≈≈≈≈ hY#

########..#
#######≈≈≈# h#
#..#####.≈≈#≈≈≈###
# ##..##☼.≈#≈≈≈≈##
###§Y@##≈≈≈#≈≈####
#####≈≈≈####≈≈.##
#≈≈#≈≈≈≈ ###..#
≈≈≈≈≈≈≈≈≈###..##
≈≈≈≈≈≈≈####..## ##
≈#≈#≈≈## ###..#
##. ≈≈≈≈# ##...##
#.. #..### ###
##...# #


You could see a death yak.

Vanquished Creatures
  A frost giant (IceCv)
  3 hydras
  A centaur warrior (D:8)
  A tengu warrior (D:10)
  A catoblepas (Lair:4)
  2 two-headed ogres (D:11)
  A death yak (IceCv)
  An oklob plant (Lair:3)
  A manticore (Lair:3)
  An ugly thing (D:11)
  7 elephants
  4 black mambas
  3 torpor snails
  9 spiny frogs
  A centaur skeleton (D:11)
  4 komodo dragons
  2 rime drakes (Lair:2)
  2 ice devils (Lair:5)
  A jumping spider (Lair:2)
  A queen bee (Lair:3)
  12 polar bears
  A troll (D:11)
  Prince Ribbit (Lair:1)
  2 blink frogs (Lair:1)
  5 hippogriffs
  3 redbacks (Lair:2)
  34 yaks
  A wraith (D:10)
  4 basilisks (Lair:3)
  3 wyverns (Lair:3)
  A steam dragon (Lair:4)
  2 wargs (D:10)
  3 swamp worms (Lair:2)
  A soldier ant (D:11)
  6 water moccasins
  9 porcupines
  3 ice beasts
  6 orc warriors
  A black bear (D:10)
  7 ogres
  6 centaurs
  A phantom (D:4)
  19 wolves
  9 crocodiles
  11 bullfrogs
  A gnoll sergeant (D:8)
  A wyvern skeleton (D:11)
  A water moccasin skeleton (D:4)
  32 killer bees (Lair:3)
  5 scorpions
  5 wights (D:11)
  5 howler monkeys
  2 crimson imps
  2 centaur zombies (D:9)
  3 hounds
  9 orc priests
  Crazy Yiuf (D:6)
  2 jellies
  17 orc wizards
  2 bullfrog skeletons (D:9)
  An iguana (D:6)
  A killer bee zombie (D:5)
  5 worker ants
  A hound zombie (D:8)
  A howler monkey zombie (D:6)
  A worker ant zombie (D:7)
  3 gnolls (D:10)
  7 adders
  3 shadow imps
  3 oozes
  An adder skeleton (D:8)
  4 worms
  2 dart slugs
  2 leopard geckos
  83 orcs
  4 bats
  14 giant cockroaches
  5 goblins
  10 hobgoblins
  14 jackals
  2 quokkas
  A ball python (D:2)
  7 frilled lizards
  5 kobolds
  A leopard gecko skeleton (D:5)
  A quokka skeleton (D:4)
  A quokka zombie (D:8)
  10 rats
  2 rat zombies (D:7)
  A plant (D:10)
482 creatures vanquished.

Vanquished Creatures (others)
  A wolf (IceCv)
  4 fungi
  A plant (Lair:3)
6 creatures vanquished.

Grand Total: 488 creatures vanquished

Notes
Turn   | Place    | Note
-------+----------+-------------------------------------------
     0 | D:1      | DearestLeader the Gargoyle Earth Elementalist began the
                  | quest for the Orb.
     0 | D:1      | Reached XP level 1. HP: 10/10 MP: 3/3
   250 | D:1      | Reached skill level 4 in Earth Magic
   285 | D:1      | Reached XP level 2. HP: 11/15 MP: 3/5
  1117 | D:1      | Reached skill level 5 in Earth Magic
  1117 | D:1      | Reached XP level 3. HP: 17/19 MP: 6/6
  1453 | D:2      | Learned a level 2 spell: Passwall
  1457 | D:2      | Learned a level 3 spell: Stone Arrow
  1640 | D:2      | You fall into a shaft and drop 1 floor!
  1784 | D:2      | Reached XP level 4. HP: 24/24 MP: 4/7
  1884 | D:2      | Reached skill level 6 in Earth Magic
  2128 | D:2      | Found a shattered altar of Ashenzari.
  2617 | D:2      | Found an iron altar of Okawaru.
  2617 | D:2      | Found a shimmering blue altar of Sif Muna.
  2618 | D:2      | Found a hide-covered altar of Uskayaw.
  2820 | D:3      | Reached skill level 1 in Conjurations
  2820 | D:3      | Reached XP level 5. HP: 28/28 MP: 4/8
  4051 | D:4      | Found a white marble altar of Elyvilon.
  4115 | D:4      | Found a staircase to the Ecumenical Temple.
  4116 | D:4      | Noticed an ogre
  4117 | D:4      | Noticed a phantom
  4161 | D:5      | Entered Level 5 of the Dungeon
  4200 | D:4      | Reached skill level 7 in Earth Magic
  4200 | D:4      | Reached XP level 6. HP: 4/32 MP: 4/9
  4639 | Temple   | Entered the Ecumenical Temple
  5185 | D:4      | Killed a phantom
  5420 | D:4      | Reached XP level 7. HP: 24/36 MP: 2/10
  5439 | D:4      | Reached skill level 8 in Earth Magic
  5637 | D:5      | Reached skill level 5 in Conjurations
  5916 | D:5      | Learned a level 5 spell: Lee's Rapid Deconstruction
  6240 | D:5      | Found Kacheecw's Magic Scroll Shop.
  6243 | D:5      | Bought a scroll of teleportation for 33 gold pieces
  6243 | D:5      | Bought a scroll of magic mapping for 38 gold pieces
  6429 | D:6      | You fall into a shaft and drop 1 floor!
  6457 | D:7      | Found Buggebb's Antique Armour Emporium.
  6510 | D:6      | Found a runed translucent door.
  6527 | D:6      | Reached skill level 9 in Earth Magic
  6527 | D:6      | Reached XP level 8. HP: 41/41 MP: 5/12
  7417 | D:6      | Found a radiant altar of Vehumet.
  7422 | D:6      | Became a worshipper of Vehumet
  7472 | D:6      | Found a runed translucent door.
  7475 | D:6      | Noticed Crazy Yiuf
  7478 | D:6      | Killed Crazy Yiuf
  7857 | D:7      | Found an ancient bone altar of Kikubaaqudgha.
  8080 | D:7      | Reached skill level 10 in Earth Magic
  8113 | D:7      | Bought a pair of ancient gloves for 304 gold pieces
  8118 | D:7      | Identified the cursed +0 pair of gloves "Nygeasez" {Str+4}
                  | (You bought it in a shop on level 7 of the Dungeon)
  9121 | D:8      | Reached skill level 11 in Earth Magic
  9121 | D:8      | Reached XP level 9. HP: 18/45 MP: 11/15
  9585 | D:8      | Reached skill level 5 in Spellcasting
 10049 | D:8      | Learned a level 4 spell: Petrify
 10073 | D:8      | Reached * piety under Vehumet
 10073 | D:8      | Offered knowledge of Freeze by Vehumet.
 10073 | D:8      | Reached skill level 12 in Earth Magic
 10318 | D:8      | Noticed a centaur warrior
 10326 | D:8      | Killed a centaur warrior
 10326 | D:8      | Reached skill level 13 in Earth Magic
 10326 | D:8      | Reached XP level 10. HP: 25/50 MP: 2/19
 10904 | D:6      | Found a roughly hewn altar of Beogh.
 11196 | D:9      | Reached ** piety under Vehumet
 11196 | D:9      | Offered knowledge of Searing Ray by Vehumet.
 11332 | D:9      | Found a staircase to the Orcish Mines.
 11346 | D:9      | Learned a level 2 spell: Searing Ray
 11752 | D:9      | Reached skill level 14 in Earth Magic
 12077 | D:9      | Offered knowledge of Ignite Poison by Vehumet.
 12395 | D:10     | Entered Level 10 of the Dungeon
 12746 | D:10     | Noticed a tengu warrior
 12775 | D:10     | Killed a tengu warrior
 13208 | D:10     | Reached *** piety under Vehumet
 13208 | D:10     | Reached skill level 1 in Shields
 13338 | D:10     | Found a staircase to the Lair.
 14087 | D:11     | Noticed a two-headed ogre
 14199 | D:11     | Reached XP level 11. HP: 30/54 MP: 11/22
 14338 | D:11     | Noticed a white ugly thing
 14557 | D:11     | Killed a two-headed ogre
 14649 | D:11     | Offered knowledge of Airstrike by Vehumet.
 14857 | D:11     | Killed a white ugly thing
 15003 | D:11     | Noticed a two-headed ogre
 15005 | D:11     | Reached skill level 1 in Fighting
 15010 | D:11     | Killed a two-headed ogre
 15083 | D:11     | Noticed a four-headed hydra
 15106 | D:11     | Killed a four-headed hydra
 15483 | Lair:1   | Entered Level 1 of the Lair of Beasts
 15570 | Lair:1   | Reached skill level 15 in Earth Magic
 15785 | Lair:1   | Noticed Prince Ribbit
 15840 | Lair:1   | Reached **** piety under Vehumet
 16170 | Lair:1   | Reached XP level 12. HP: 44/66 MP: 5/24
 16301 | Lair:1   | Reached skill level 10 in Conjurations
 16659 | Lair:1   | Killed Prince Ribbit
 16834 | Lair:1   | Found a snail-covered altar of Cheibriados.
 17586 | Lair:2   | Reached skill level 5 in Fighting
 17846 | Lair:2   | Offered knowledge of Mephitic Cloud by Vehumet.
 17851 | Lair:2   | Learned a level 3 spell: Mephitic Cloud
 18516 | Lair:2   | Found a hole to the Spider Nest.
 18979 | Lair:2   | Noticed a four-headed hydra
 18984 | Lair:2   | Noticed a six-headed hydra
 19807 | Lair:2   | Killed a six-headed hydra
 19853 | Lair:2   | Killed a four-headed hydra
 19994 | Lair:2   | Found a staircase to the Swamp.
 20477 | Lair:3   | Identified a scroll of acquirement
 20478 | Lair:3   | Acquired the ring of Liteent {rF+ MR+ AC+4}
 20743 | Lair:3   | Reached XP level 13. HP: 71/72 MP: 18/26
 20810 | Lair:3   | Reached ***** piety under Vehumet
 20810 | Lair:3   | Offered knowledge of Fulminant Prism by Vehumet.
 20844 | Lair:3   | Reached skill level 16 in Earth Magic
 22153 | Lair:4   | Reached skill level 1 in Poison Magic
 22189 | Lair:4   | Reached skill level 10 in Spellcasting
 22931 | Lair:5   | Found a frozen archway.
 22951 | IceCv    | Entered an ice cave
 23182 | IceCv    | Got a fine buckler
 23193 | IceCv    | Identified the cursed +0 buckler of Dramatic Exits {*Slow
                  | Int+2 Dex+3 Stlth+} (You found it in an ice cave)
 23669 | IceCv    | Reached skill level 5 in Dodging
 23974 | IceCv    | Noticed a frost giant
 23990 | IceCv    | Killed a frost giant
 23990 | IceCv    | Gained mutation: Your large and strong wings let you fly
                  | indefinitely. [Gargoyle growth]
 23990 | IceCv    | Reached XP level 14. HP: 56/78 MP: 9/28
 24010 | IceCv    | Slain by a death yak

Illustrated notes

Levels and vault maps discovered:
D:1:      wander_arrival_desolate, layout_loops_cross
D:2:      layout_loops_ring, old_standard_altar,
          gammafunk_temple_overflow_forgotten
D:3:      minmay_roachtagon, layout_loops_corners
D:4:      layout_loops_cross, lemuel_round_altar, minmay_temple_entry_waves,
          first_ration
D:5:      layout_rooms, serial_shops, nicolae_shop_trees
D:6:      layout_loops_ring, marbit_many_paths, lightli_church_of_beogh,
          uniq_crazy_yiuf_cottage
D:7:      layout_basic, lemuel_zombie_altar_kikubaaqudgha, serial_shops,
          nicolae_shop_overgrown_old_shop
D:8:      minmay_slanted_spiral_squares, layout_loops_ring, minmay_misc_feat_iff
D:9:      layout_roguey, hiddenorc2_lemuel
D:10:     layout_stronghold, erik_lair_orcish_takeover, serial_glass,
          glass_columns_a, glass_columns_b, grunt_tengu_nest
D:11:     layout_rooms
Temple:   regret_index_temple_generic_petals
Lair:1:   layout_long_grid, kennysheep_snail_temple, grunt_megastairs_3,
          uniq_prince_ribbit2
Lair:2:   layout_layer_cave, palyth_hydra_swamp_entry,
          spider_nest_entry_funnel_web
Lair:3:   hangedman_what_comes_after_a, layout_regular_city
Lair:4:   layout_regular_city, lookout_lair_type
Lair:5:   layout_regular_city, basic_altar, portal_ice_cave_demonic_guard,
          kennysheep_rathole
IceCv:    ice_cave_caverns_03

Skill      XL: |  1  2  3  4  5  6  7  8  9 10 11 12 13 |
---------------+----------------------------------------+-----
Earth Magic    | 4 5 6 7 9 11 13 14 15 16 | 16.5
Conjurations   | 1 2 4 5 7 9 11 13 | 13.3
Spellcasting   | 4 6 7 8 9 10 | 10.3
Dodging        | 2 3 5 |  5.3
Shields        | 2 4 |  4.0
Fighting       | 4 5 |  5.0
Poison Magic   | 4 |  4.3
Stealth        | |  2.1
Transmutations | |  0.7

Action                   |  1- 3 |  4- 6 |  7- 9 | 10-12 | 13-15 || total
-------------------------+-------+-------+-------+-------+-------++-------
Melee: Unarmed           |    39 |       |       |       |       ||    39
       Hand axe          |    36 |       |       |       |       ||    36
       Dagger            |    49 |   135 |       |       |       ||   184
       Falchion          |       |   116 |   225 |    32 |       ||   373
       Whip              |       |       |       |   331 |   235 ||   566
Throw: Stone             |       |       |       |       |     2 ||     2
 Cast: Sandblast         |    16 |    21 |     7 |    10 |    32 ||    86
       Stone Arrow       |       |    13 |    61 |    83 |    52 ||   209
       Lee's Rapid Decon |       |       |     7 |    42 |    31 ||    80
       Searing Ray       |       |       |       |    58 |     7 ||    65
       Petrify           |       |       |       |     7 |       ||     7
       Mephitic Cloud    |       |       |       |       |    11 ||    11
Evoke: Wand              |       |       |       |       |     4 ||     4
  Use: Scroll            |       |     6 |     3 |    15 |     5 ||    29
       Potion            |       |       |     1 |     1 |     1 ||     3
 Stab: Sleeping          |     5 |     2 |     1 |     3 |       ||    11
       Distracted        |       |     1 |     1 |       |     1 ||     3
  Eat: Chunk             |     3 |    11 |    18 |    34 |    15 ||    81
       Ration            |       |     1 |     1 |     3 |       ||     5
Armor: Robe              |    39 |   163 |   128 |   281 |   105 ||   716
       Steam dragon scal |       |       |       |       |    76 ||    76
Dodge: Dodged            |    72 |   272 |   208 |   363 |   355 ||  1270
Block: Buckler           |       |       |       |    80 |   118 ||   198
       Rpst.: Falchion   |       |    48 |    62 |    12 |       ||   122
